 Dungeon Crawl Stone Soup version 0.24-a0-235-g3f03afc (webtiles) character file.

Game seed: 7531839255502425363

14769 nikopol the Thaumaturge (level 11, 0/56 HPs)
             Began as a Deep Elf Fire Elementalist on Apr 5, 2019.
             Was a Priest of Vehumet.
             Slain by a blink frog (17 damage)
             ... on level 2 of the Lair of Beasts on Apr 8, 2019.
             The game lasted 00:49:28 (14218 turns).

nikopol the Thaumaturge (DEFE)                     Turns: 14218, Time: 00:49:29

Health: 0/56       AC:  9    Str:  5    XL:     11   Next: 93%
Magic:  27/31      EV: 14    Int: 28    God:    Vehumet [***...]
Gold:   577        SH:  5    Dex: 15    Spells: 20/38 levels left

rFire    . . .     SeeInvis .   P - +2 dagger (venom)
rCold    . . .     Gourm    .   J - +0 buckler
rNeg     . . .     Faith    .   l - +0 robe
rPois    +         Spirit   .   B - +0 helmet
rElec    .         Reflect  .   o - +2 cloak {+Inv}
rCorr    .         Harm     .   C - +0 pair of gloves
MR       +....                  E - +1 pair of boots
Stlth    +++.......             I - amulet of magic regeneration
HPRegen  0.18/turn              j - +4 ring of intelligence
MPRegen  0.47/turn              y - ring of poison resistance

@: no status effects
A: no striking features
a: Renounce Religion, Evoke Invisibility


You were on level 2 of the Lair of Beasts.
You worshipped Vehumet.
Vehumet was most pleased with you.
You were not hungry.

You visited 3 branches of the dungeon, and saw 14 of its levels.

You collected 637 gold pieces.
You spent 60 gold pieces at shops.

Inventory:

Hand Weapons
 P - a +2 dagger of venom (weapon)
Armour
 l - a +0 robe (worn)
 o - a +2 cloak of invisibility (worn)
 B - a +0 helmet (worn)
 C - a +0 pair of gloves (worn)
 E - a +1 pair of boots (worn)
 J - a +0 buckler (worn)
Jewellery
 j - a +4 ring of intelligence (left hand)
 k - an uncursed ring of protection from magic
 q - an uncursed ring of protection from fire
 y - a ring of poison resistance (right hand)
 z - an uncursed ring of protection from cold
 I - an amulet of magic regeneration (around neck)
Wands
 b - a wand of random effects (17)
 g - a wand of clouds (4)
 v - a wand of iceblast (22)
 G - a wand of paralysis (8)
Scrolls
 e - 8 scrolls of enchant weapon
 h - 2 scrolls of teleportation {unknown}
 t - 3 scrolls of identify
 u - 2 scrolls of enchant armour {unknown}
 w - 9 scrolls of remove curse
 A - a scroll of immolation {unknown}
 D - a scroll of blinking {unknown}
 F - a scroll of fear {unknown}
 L - a scroll of brand weapon {unknown}
 M - 2 scrolls of magic mapping {unknown}
 N - a scroll of noise {unknown}
Potions
 d - a potion of haste
 f - 5 potions of brilliance
 i - 4 potions of curing
 m - 4 potions of berserk rage
 n - 3 potions of flight
 p - 2 potions of lignification {unknown}
 r - 3 potions of ambrosia
 s - 3 potions of heal wounds
 x - a potion of might {unknown}
 H - a potion of mutation {unknown}
 O - a potion of agility
Comestibles
 a - 5 chunks of flesh
 c - 19 rations


   Skills:
 + Level 1.6 Fighting
 + Level 4.4 Dodging
 + Level 5.0 Stealth
 + Level 4.0 Shields
 + Level 14.3 Spellcasting
 + Level 10.4 Conjurations
 + Level 3.3 Hexes
 + Level 11.4 Fire Magic


You had 20 spell levels left.
You knew the following spells:

 Your Spells              Type           Power        Failure   Level  Hunger
a - Flame Tongue          Conj/Fire      #####        1%          1    None
b - Throw Flame           Conj/Fire      ######       1%          2    None
c - Conjure Flame         Conj/Fire      ######..     1%          3    None
d - Sticky Flame          Conj/Fire      ######..     1%          4    None
e - Fireball              Conj/Fire      ######....   1%          5    None
f - Dazzling Spray        Conj/Hex       ######       1%          3    None

Your spell library contained the following spells:

 Spells                   Type           Power        Failure   Level  Hunger
 Throw Icicle             Conj/Ice       #####...     1%          4    None
 Corona                   Hex            #####..      1%          1    None
 Ensorcelled Hibernation  Hex/Ice        ####..       1%          2    None
 Confuse                  Hex            #####...     1%          3    None
 Inner Flame              Hex/Fire       ######..     1%          3    None
 Tukima's Dance           Hex            #####...     1%          3    None


Dungeon Overview and Level Annotations

Branches:
Dungeon (11/15)            Temple (1/1) D:5            Lair (2/6) D:10
 Spider (0/4) Lair:2          Orc (0/2) D:9
  Swamp: Lair:2-4    Shoals: Lair:2-4

Altars:
Ashenzari
Cheibriados
Dithmenos
Elyvilon
Fedhas
Gozag
Hepliaklqana
Kikubaaqudgha
Makhleb
Nemelex Xobeh
Okawaru
Qazlal
Ru
Sif Muna
Trog
Uskayaw
Vehumet
Wu Jian
Xom
Yredelemnul
Zin
The Shining One
Beogh

Shops:
D:4 !   D:5 (}}   D:11 *

Annotations:
D:3 3 runed translucent doors, geeko55's ghost, amateur DsFE
D:10 2 runed translucent doors


Message History

Aiming: Sticky Flame (safe; 1% risk of failure)
Press: ? - help, Shift-Dir - straight line, f/p - blink frog
Aim: a blink frog The sticky flame hits the blink frog!
The blink frog is moderately wounded.
The blink frog is covered in liquid flames!
The blink frog burns!
The blink frog hits you.
The blink frog blinks!
The blink frog barely misses you.
The blink frog burns!
The blink frog burns!
The blink frog hits you.
The blink frog blinks!
The blink frog burns!
The blink frog hits you!
Casting: Sticky Flame (safe; 1% risk of failure)
Confirm with . or Enter, or press ? or * to list all spells.
Aiming: Flame Tongue (safe; 1% risk of failure)
Press: ? - help, Shift-Dir - straight line, f/p - blink frog
Aim: a blink frog (severely wounded, covered in liquid flames)
The flame tongue hits the blink frog.
The blink frog is severely wounded.
The blink frog burns!
The blink frog hits you!
You die...

# #.############# #### #
..P...#.##..#.######..######## ##
.............##.#.##..#P.....###.
..............................#..
#P.......F......@F....#......##..
#.P.#.##.#P.P#....P..............
# .. #######....##...#....#....
## ##...##..##.....#...
##..##...##..#....#
#.####..##.###...#
.#........###...##
##.#.....#.......†.
P....P##......^.^.


You could see 2 blink frogs.

Vanquished Creatures
  Harold (D:7)
  A two-headed ogre (D:9)
  A centaur warrior (D:10)
  A cyclops (D:8)
  An ugly thing (D:9)
  Maurice (D:9)
  A spiny frog (Lair:1)
  Psyche (D:9)
  A komodo dragon (D:10)
  A merfolk (D:9)
  A troll (D:9)
  Grinder (D:4)
  4 blink frogs (Lair:2)
  5 hippogriffs
  A shadow (D:10)
  A wyvern (D:10)
  4 yaks (Lair:1)
  Grum (D:9)
  A vampire mosquito (D:10)
  2 water moccasins
  2 porcupines
  12 orc warriors
  A sky beast (D:7)
  A necrophage (D:6)
  2 phantoms
  An eye of draining (D:10)
  3 ice beasts
  3 wolves (D:9)
  4 centaurs
  7 ogres
  8 crocodiles
  A gnoll sergeant (D:7)
  11 bullfrogs
  3 scorpions
  5 wights (D:7)
  9 killer bees
  4 electric eels
  3 howler monkeys
  5 crimson imps
  4 hounds
  8 orc priests
  Crazy Yiuf (D:3)
  A jelly (D:8)
  10 orc wizards
  A centaur skeleton (D:7)
  3 iguanas
  11 worker ants
  A killer bee zombie (D:4)
  A hound zombie (D:5)
  A worker ant zombie (D:8)
  18 gnolls
  A howler monkey skeleton (D:9)
  12 adders
  2 shadow imps
  An ooze (D:2)
  6 worms
  2 adder skeletons
  2 dart slugs
  10 leopard geckos
  52 orcs
  2 ball pythons
  8 bats
  3 giant cockroaches
  10 goblins
  9 hobgoblins
  7 jackals (D:11)
  7 kobolds
  3 quokkas
  6 frilled lizards
  A jackal zombie (D:8)
  A quokka skeleton (D:7)
  10 rats
331 creatures vanquished.

Vanquished Creatures (others)
  A fungus (Lair:2)
  5 plants (D:10)
6 creatures vanquished.

Grand Total: 337 creatures vanquished

Notes
Turn   | Place    | Note
-------+----------+-------------------------------------------
     0 | D:1      | nikopol the Deep Elf Fire Elementalist began the quest for
                  | the Orb.
     0 | D:1      | Reached XP level 1. HP: 10/10 MP: 6/6
   197 | D:1      | Reached XP level 2. HP: 15/15 MP: 1/8
   502 | D:1      | You fall through a shaft!
   530 | D:2      | Found a stormy altar of Qazlal.
   632 | D:2      | Reached XP level 3. HP: 19/19 MP: 5/10
   636 | D:2      | Learned a level 2 spell: Throw Flame
   640 | D:2      | Learned a level 3 spell: Conjure Flame
   641 | D:2      | Found a burning altar of Makhleb.
   693 | D:2      | Reached skill level 4 in Spellcasting
   917 | D:2      | Reached XP level 4. HP: 24/24 MP: 9/12
  1222 | D:2      | Learned a level 4 spell: Sticky Flame
  1268 | D:2      | Reached skill level 5 in Spellcasting
  1443 | D:2      | Reached XP level 5. HP: 28/28 MP: 6/14
  1816 | D:2      | Learned a level 5 spell: Fireball
  1881 | D:3      | Noticed a phantom
  2404 | D:3      | Killed a phantom
  2404 | D:3      | Reached skill level 6 in Spellcasting
  2404 | D:3      | Reached XP level 6. HP: 18/32 MP: 7/17
  2712 | D:3      | Found a runed translucent gate.
  2713 | D:3      | Found a runed translucent gate.
  2713 | D:3      | Found a runed translucent gate.
  2713 | D:3      | Noticed geeko55's ghost (amateur DsFE)
  2786 | D:3      | Found a glowing golden altar of the Shining One.
  2823 | D:3      | Found a roughly hewn altar of Beogh.
  2904 | D:3      | Found a runed translucent door.
  2905 | D:3      | Noticed Crazy Yiuf
  2915 | D:3      | Killed Crazy Yiuf
  3115 | D:4      | Found an ancient bone altar of Kikubaaqudgha.
  3185 | D:4      | Noticed Grinder
  3192 | D:4      | Killed Grinder
  3192 | D:4      | Reached skill level 5 in Fire Magic
  3192 | D:4      | Reached XP level 7. HP: 27/36 MP: 10/19
  3328 | D:4      | Found Agot's Distillery.
  3336 | D:4      | Bought a potion of heal wounds for 60 gold pieces
  3692 | D:5      | Entered Level 5 of the Dungeon
  3707 | D:4      | Learned a level 3 spell: Dazzling Spray
  3814 | D:5      | Reached skill level 7 in Spellcasting
  3837 | D:5      | Reached skill level 1 in Hexes
  4018 | D:5      | Found Azanatom's Gadget Shop.
  4023 | D:5      | Found Vuigun's Gadget Shoppe.
  4090 | D:5      | Reached skill level 5 in Conjurations
  4122 | D:5      | Reached XP level 8. HP: 41/41 MP: 17/21
  4142 | D:5      | Found Cahawex's Antique Weapon Shop.
  4550 | D:5      | Found a staircase to the Ecumenical Temple.
  4562 | Temple   | Entered the Ecumenical Temple
  4642 | D:5      | Reached skill level 8 in Spellcasting
  4734 | D:5      | Found a shadowy altar of Dithmenos.
  4989 | D:5      | Found an iron altar of Okawaru.
  5121 | D:6      | Noticed a hippogriff
  5132 | D:6      | Killed a hippogriff
  5345 | D:6      | Reached skill level 9 in Spellcasting
  5540 | D:6      | Found a hide-covered altar of Uskayaw.
  5546 | D:6      | Reached XP level 9. HP: 45/45 MP: 20/24
  5674 | D:6      | Found a shimmering altar of Xom.
  5718 | D:6      | You fall through a shaft for 3 floors!
  5822 | D:9      | Noticed a two-headed ogre
  5837 | D:9      | Killed a two-headed ogre
  5837 | D:9      | Reached skill level 10 in Spellcasting
  5858 | D:9      | Noticed Psyche
  5971 | D:9      | Killed Psyche
  6448 | D:9      | Reached skill level 11 in Spellcasting
  6464 | D:9      | Noticed a troll
  7141 | D:7      | Noticed Harold
  7167 | D:7      | Killed Harold
  7167 | D:7      | Reached XP level 10. HP: 47/51 MP: 11/27
  7195 | D:7      | Paralysed by a wight for 3 turns
  7426 | D:6      | Found a white marble altar of Elyvilon.
  7426 | D:6      | Found a radiant altar of Vehumet.
  7426 | D:6      | Found an opulent altar of Gozag.
  7436 | D:6      | Became a worshipper of Vehumet
  7482 | D:6      | Found a glowing silver altar of Zin.
  7748 | D:6      | Reached skill level 12 in Spellcasting
  8227 | D:7      | Reached skill level 1 in Shields
  8948 | D:8      | Reached skill level 1 in Fighting
  9059 | D:8      | Noticed a cyclops
  9076 | D:8      | Killed a cyclops
  9076 | D:8      | Reached skill level 10 in Fire Magic
  9467 | D:8      | Noticed a moth of wrath
  9470 | D:8      | Found a bloodstained altar of Trog.
  9653 | D:9      | Reached * piety under Vehumet
  9653 | D:9      | Offered knowledge of Sandblast by Vehumet.
  9768 | D:9      | Noticed Grum
  9781 | D:9      | Killed Grum
  9797 | D:9      | Noticed Maurice
  9809 | D:9      | Killed Maurice
 10190 | D:9      | Reached XP level 11. HP: 29/56 MP: 26/29
 10318 | D:9      | Reached skill level 13 in Spellcasting
 10437 | D:9      | Noticed a white ugly thing
 10453 | D:9      | Killed a white ugly thing
 11015 | D:9      | Found a staircase to the Orcish Mines.
 11131 | D:10     | Entered Level 10 of the Dungeon
 11244 | D:10     | Offered knowledge of Shock by Vehumet.
 11314 | D:10     | Reached ** piety under Vehumet
 11444 | D:10     | Noticed a centaur warrior
 11463 | D:10     | HP: 2/56 [centaur warrior (7)]
 11466 | D:10     | Killed a centaur warrior
 11747 | D:10     | Found a large runed translucent door.
 11753 | D:10     | Found a large runed translucent door.
 12037 | D:10     | You fall through a shaft!
 12037 | D:11     | Found Jousseuv's General Store.
 12119 | D:11     | Offered knowledge of Ignite Poison by Vehumet.
 12307 | D:10     | Reached *** piety under Vehumet
 12358 | D:10     | Found a staircase to the Lair.
 12627 | Lair:1   | Entered Level 1 of the Lair of Beasts
 13008 | Lair:1   | Reached skill level 10 in Conjurations
 13120 | Lair:1   | Reached skill level 14 in Spellcasting
 13243 | Lair:1   | Offered knowledge of Throw Icicle by Vehumet.
 13997 | Lair:2   | Found a hole to the Spider Nest.
 14039 | Lair:2   | Reached skill level 5 in Stealth
 14218 | Lair:2   | Slain by a blink frog

Levels and vault maps discovered:
D:1:      psy_arrival_spokes, layout_basic
D:2:      minmay_wonky_spiral, layout_loops_ring, makhleb_heckhound_becter,
          lemuel_crystal_altar
D:3:      layout_rooms, tso_oasis_becter, biasface_ghost_orc_armoury,
          wander_ebering_terrifying_dragon_lair, uniq_crazy_yiuf_cottage
D:4:      layout_rooms, overflow_temple_1_default, serial_shops,
          nicolae_shop_temple_entry_statues_fountains, uniq_grinder
D:5:      layout_gridville, okawaru_metal_pillars_1_2, marbit_many_paths,
          minmay_temple_entry_purple_smoke, first_ration, serial_shops,
          nicolae_shop_statue_plus, nicolae_shop_statue_plus, shop_statue,
          kennysheep_generic_room_7
D:6:      wad_river_or_something, layout_basic,
          gammafunk_temple_overflow_forgotten, basic_altar,
          hangedman_feature_mirror
D:7:      layout_basic, serial_glass, glass_columns_b, glass_columns_b,
          glass_columns_a, glass_columns_b, glass_columns_b, glass_columns_b,
          glass_columns_a, glass_columns_a, glass_columns_a, glass_columns_b,
          uniq_harold
D:8:      layout_cave_pods, tgw_trog
D:9:      layout_loops_ring, erik_orc_2, hangedman_fish_farm, uniq_grum,
          uniq_psyche, uniq_maurice
D:10:     layout_loops_ring, david_lair_shrubbed, jmf_multi_god_temple2
D:11:     layout_roguey, serial_shops, shop, nicolae_shop_stone,
          nicolae_shop_stone, nicolae_shop_behind_doors, shop, dk_noncrumbling_3
Temple:   nicolae_temple_god_jail
Lair:1:   layout_layer_cave, serial_bayou_shore_b, serial_bayou_shore_a
Lair:2:   layout_cave_pods, minmay_shoals_entry_lonely_mermaid,
          spider_nest_entry_web_field, lemuel_fruit_fields, grunt_megastairs_3

Skill      XL: |  1  2  3  4  5  6  7  8  9 10 11 |
---------------+----------------------------------+-----
Stealth        | 3 4 5 |  5.0
Spellcasting   | 4 5 6 7 9 11 12 14 | 14.3
Fire Magic     | 4 5 7 9 10 11 | 11.4
Conjurations   | 2 3 4 5 6 8 9 10 | 10.4
Dodging        | 3 4 |  4.4
Hexes          | 2 3 |  3.3
Shields        | 2 4 |  4.0
Fighting       | 1 |  1.6

Action                   |  1- 3 |  4- 6 |  7- 9 | 10-12 || total
-------------------------+-------+-------+-------+-------++-------
Melee: Dagger            |     4 |       |     2 |     1 ||     7
 Cast: Flame Tongue      |    41 |   155 |   206 |   344 ||   746
       Conjure Flame     |       |     3 |     4 |    16 ||    23
       Throw Flame       |       |     4 |     1 |    40 ||    45
       Sticky Flame      |       |     2 |    19 |    68 ||    89
       Dazzling Spray    |       |       |    11 |     7 ||    18
       Fireball          |       |       |     3 |    17 ||    20
  Use: Scroll            |       |     4 |       |     5 ||     9
       Potion            |       |       |       |     1 ||     1
  Eat: Chunk             |       |     7 |    14 |    18 ||    39
       Ration            |       |       |       |     1 ||     1
Armor: Robe              |     4 |     2 |     8 |    26 ||    40
Dodge: Dodged            |    13 |    35 |    39 |    69 ||   156
Block: Buckler           |       |       |       |    23 ||    23

Table legend:
 A = Non-vault XP
 B = Vault XP
 C = Vault XP percentage of total XP
 D = Non-vault monster count
 E = Vault monster count
 F = Vault count percentage of total count
                 A         B        C        D         E       F
            +---------+---------+-------+---------+---------+-------
      Total |   14782 |    6317 |  29.9 |     278 |      53 |  16.0
            +---------+---------+-------+---------+---------+-------
        D:1 |      29 |       0 |   0.0 |      17 |       0 |   0.0
        D:2 |     196 |      48 |  19.7 |      37 |       4 |   9.8
        D:3 |     240 |      45 |  15.8 |      22 |       2 |   8.3
        D:4 |      93 |     281 |  75.1 |      10 |       1 |   9.1
        D:5 |    1043 |       5 |   0.5 |      27 |       1 |   3.6
        D:6 |    1281 |     448 |  25.9 |      29 |       7 |  19.4
        D:7 |    1388 |    1013 |  42.2 |      28 |       1 |   3.4
        D:8 |     895 |      13 |   1.4 |      11 |       5 |  31.2
        D:9 |    3171 |    2615 |  45.2 |      28 |      27 |  49.1
       D:10 |    1170 |    1849 |  61.2 |      25 |       5 |  16.7
       D:11 |     631 |       0 |   0.0 |      17 |       0 |   0.0
     Lair:1 |    2931 |       0 |   0.0 |      19 |       0 |   0.0
     Lair:2 |    1714 |       0 |   0.0 |       8 |       0 |   0.0
            +---------+---------+-------+---------+---------+-------
